 Dungeon Crawl Stone Soup version 0.26-a0-597-gb535b0901c (webtiles) character file.

Game seed: 7123951371056260152

1445 Apogee the Spear-Bearer (level 8, -9/65 HPs)
             Began as a Merfolk Gladiator on Sept 3, 2020.
             Was an Initiate of Kikubaaqudgha.
             Mangled by an orc warrior
             ... wielding a +0 scimitar
              (25 damage)
             ... on level 6 of the Dungeon.
             The game lasted 00:09:48 (6894 turns).

Apogee the Spear-Bearer (Merfolk Gladiator)         Turns: 6894, Time: 00:09:49

Health: -9/65      AC:  6    Str: 16    XL:     8   Next: 75%
Magic:  8/8        EV: 13    Int:  7    God:    Kikubaaqudgha [......]
Gold:   188        SH:  0    Dex: 16    Spells: 7/7 levels left

rFire    + . .     SeeInvis .   v - +2 trident (curse)
rCold    . . .     Faith    .   (no shield)
rNeg     . . .     Spirit   .   e - +0 ring mail
rPois    .         Reflect  .   c - +0 helmet
rElec    .         Harm     .   q - scarf {shadows}
rCorr    .                      (no gloves)
MR       .....                  (no boots)
Stlth    +.........             (no amulet)
HPRegen  0.20/turn              i - ring of protection from fire
MPRegen  0.11/turn              (no ring)

@: no status effects
A: change form in water, swift swim, stealthy swim
a: Renounce Religion


You were on level 6 of the Dungeon.
You worshipped Kikubaaqudgha.
Kikubaaqudgha was noncommittal.
You visited 1 branch of the dungeon, and saw 6 of its levels.

You collected 188 gold pieces.

Inventory:

Hand Weapons
 a - a +0 trident
 v - a cursed +2 trident (weapon)
   (You took it off a wight on level 3 of the Dungeon)
 E - a +4 trident
   (You found it on level 4 of the Dungeon)
 I - a +2 whip of pain
   (You took it off a big kobold on level 5 of the Dungeon)
Missiles
 d - 3 throwing nets (quivered) {!f}
 f - 127 stones
Armour
 b - a +0 leather armour
 c - a +0 helmet (worn)
 e - a +0 ring mail (worn)
   (You found it on level 1 of the Dungeon)
 q - a scarf of shadows (worn)
   (You found it on level 2 of the Dungeon)
 u - a +0 chain mail
   (You found it on level 3 of the Dungeon)
Jewellery
 i - a ring of protection from fire (left hand)
   (You found it on level 2 of the Dungeon)
 y - an uncursed ring of resist corrosion {unknown}
   (You found it on level 4 of the Dungeon)
 D - a +6 ring of dexterity {unknown}
   (You found it on level 4 of the Dungeon)
Wands
 l - a wand of enslavement (11)
   (You found it on level 2 of the Dungeon)
 x - a wand of acid (7)
   (You found it on level 4 of the Dungeon)
Scrolls
 h - a scroll of enchant weapon {unknown}
 j - 7 scrolls of identify {unknown}
 m - a scroll of amnesia {unknown}
 p - 3 scrolls of teleportation {unknown}
 s - 2 scrolls of blinking {unknown}
 t - a scroll of enchant armour {unknown}
 w - a scroll of fog {unknown}
 A - a scroll of immolation {unknown}
 B - a scroll of magic mapping {unknown}
 C - 2 scrolls of remove curse {unknown}
Potions
 g - 2 potions of might {unknown}
 k - a potion of berserk rage {unknown}
 n - 4 potions of stabbing
 o - 3 potions of ambrosia
 r - 3 potions of curing {@q1}
 z - a potion of lignification {unknown}
 F - a potion of heal wounds {unknown}
 G - 2 potions of invisibility {unknown}
 H - a potion of mutation {unknown}


   Skills:
 + Level 6.9 Fighting
 * Level 12.6 Polearms
 - Level 2.0 Throwing
 - Level 4.0 Dodging


You had 7 spell levels left.
You didn't know any spells.
Your spell library was empty.

Dungeon Overview and Level Annotations

Branches:
Dungeon (6/15)
 Temple: D:4-7

Altars:
Ashenzari
Kikubaaqudgha
Nemelex Xobeh
Ru
Zin

Annotations:
D:2 1 runed translucent door, Crazy Yiuf


Message History

There is a stone staircase leading down here.
You climb downwards. 2 orcs and an orc warrior come into view.
The orc warrior shouts!
The orc shouts! x2
Found a stone staircase leading down.
There is a stone staircase leading up here.
You reach to attack!
You closely miss the orc.
You reach to attack!
You hit the orc. You puncture the orc!
You kill the orc!
Kikubaaqudgha accepts your kill.
You reach to attack!
You hit the orc. You hit the orc. The orc barely misses you.
You puncture the orc!
You kill the orc!
Kikubaaqudgha accepts your kill.
You reach to attack!
You hit the orc warrior but do no damage.
You closely miss the orc warrior. You hit the orc warrior.
The orc warrior completely misses you.
You barely miss the orc warrior.
You hit the orc warrior but do no damage.
The orc warrior hits you with a +0 scimitar!
You hit the orc warrior but do no damage.
The orc warrior hits you with a +0 scimitar.
You puncture the orc warrior! You hit the orc warrior.
The orc warrior closely misses you.
You barely miss the orc warrior. You hit the orc warrior.
The orc warrior barely misses you.
You barely miss the orc warrior. You barely miss the orc warrior.
The orc warrior hits you with a +0 scimitar!
* * * LOW HITPOINT WARNING * * *
You are too injured to fight recklessly!
You are too injured to fight recklessly!
You are too injured to fight recklessly!
You are too injured to fight recklessly!
You hit the orc warrior but do no damage.
You hit the orc warrior but do no damage.
The orc warrior hits you with a +0 scimitar!
* * * LOW HITPOINT WARNING * * *
You hit the orc warrior but do no damage.
The orc warrior misses you.
Unknown command.
You hit the orc warrior but do no damage.
Unknown command.
You closely miss the orc warrior.
The orc warrior hits you with a +0 scimitar!!
You die...
Kikubaaqudgha rasps: "You have failed me!
Welcome... death!"

### #..
#># #.#
#.# #@#
#.o.....
###.....
##... .#
#


You could see an orc warrior.

Vanquished Creatures
  Grinder (D:3)
  A black bear (D:4)
  2 ice beasts (D:5)
  An ogre (D:5)
  2 big kobolds (D:5)
  A scorpion (D:4)
  5 wights (D:3)
  A hound (D:5)
  2 orc priests
  3 orc wizards (D:5)
  2 iguanas (D:4)
  Jessica (D:2)
  A bullfrog skeleton (D:5)
  A worker ant (D:5)
  A killer bee zombie (D:5)
  An adder (D:2)
  A white imp (D:5)
  An ooze (D:4)
  3 worms
  The ghost of Lanoc the Sneak, a weakling HaDe (D:5)
  2 dart slugs
  10 leopard geckos
  22 orcs
  10 bats
  6 giant cockroaches
  7 goblins
  5 hobgoblins
  7 jackals
  6 quokkas
  A ball python (D:1)
  4 frilled lizards
  A jackal skeleton (D:5)
  22 kobolds
  A quokka skeleton (D:5)
  3 rats (D:1)
139 creatures vanquished.

Vanquished Creatures (others)
  10 plants (D:4)
10 creatures vanquished.

Grand Total: 149 creatures vanquished

Notes
Turn   | Place    | Note
-------+----------+-------------------------------------------
     0 | D:1      | Apogee the Merfolk Gladiator began the quest for the Orb.
     0 | D:1      | Reached XP level 1. HP: 16/16 MP: 1/1
   226 | D:1      | Reached XP level 2. HP: 23/23 MP: 2/2
   244 | D:1      | Reached skill level 5 in Polearms
   715 | D:1      | Reached XP level 3. HP: 27/28 MP: 3/3
   800 | D:1      | Found a shattered altar of Ashenzari.
  1285 | D:2      | Reached skill level 6 in Polearms
  1307 | D:2      | Found a runed translucent door.
  1308 | D:2      | Noticed Crazy Yiuf
  1683 | D:2      | Reached XP level 4. HP: 35/35 MP: 4/4
  1820 | D:2      | Noticed Jessica
  1825 | D:2      | Killed Jessica
  1968 | D:2      | Found a sparkling altar of Nemelex Xobeh.
  2558 | D:3      | Reached skill level 7 in Polearms
  2797 | D:3      | Reached XP level 5. HP: 41/41 MP: 5/5
  2996 | D:3      | HP: 2/41 [wight/+0 long sword (1)]
  3498 | D:3      | Found a sacrificial altar of Ru.
  3658 | D:3      | Noticed Grinder
  3692 | D:3      | Killed Grinder
  3692 | D:3      | Reached skill level 8 in Polearms
  3692 | D:3      | Reached XP level 6. HP: 32/49 MP: 6/6
  3838 | D:3      | Reached skill level 9 in Polearms
  4006 | D:3      | Reached XP level 7. HP: 37/55 MP: 7/7
  4015 | D:3      | Reached skill level 5 in Fighting
  4591 | D:4      | Reached skill level 10 in Polearms
  5819 | D:5      | Entered Level 5 of the Dungeon
  5836 | D:5      | Found a glowing silver altar of Zin.
  5891 | D:5      | Reached skill level 11 in Polearms
  5891 | D:5      | Reached XP level 8. HP: 64/64 MP: 8/8
  5927 | D:5      | Found a runed translucent gate.
  5928 | D:5      | Found a runed translucent gate.
  5928 | D:5      | Noticed Lanoc's ghost (weakling HaDe)
  5930 | D:5      | Found a runed translucent gate.
  6134 | D:5      | Found an ancient bone altar of Kikubaaqudgha.
  6157 | D:5      | Became a worshipper of Kikubaaqudgha
  6386 | D:5      | Reached skill level 12 in Polearms
  6555 | D:5      | Killed Lanoc's ghost
  6894 | D:6      | Mangled by an orc warrior

Illustrated notes

Levels and vault maps discovered:
D:1:      roderic_crossed_star, layout_loops_ring, ashenzari_altar_1
D:2:      minmay_chambers_of_ones, layout_basic, lemuel_coloured_pillars_altar,
          uniq_jessica, uniq_crazy_yiuf_cottage
D:3:      layout_basic, nicolae_ru_great_annihilating_truth, uniq_grinder
D:4:      layout_basic, minmay_lizard_king
D:5:      layout_rooms, zin_statuary, overflow_temple_1_default,
          gammafunk_ghost_nasty_kobolds
D:6:      layout_loops_corners, minmay_temple_entry_statues

Skill      XL: |  1  2  3  4  5  6  7  8 |
---------------+-------------------------+-----
Polearms       | 5 6 7 8 9 11 12 | 12.6
Fighting       | 3 4 5 6 |  6.9
Throwing       | |  2.0
Dodging        | |  4.0

Action                   |  1- 3 |  4- 6 |  7- 9 || total
-------------------------+-------+-------+-------++-------
Melee: Trident           |   124 |   153 |   257 ||   534
Evoke: Wand              |       |       |     2 ||     2
  Use: Potion            |       |       |     3 ||     3
 Stab: Paralysed         |       |     2 |       ||     2
Armor: Leather armour    |     6 |       |       ||     6
       Ring mail         |    26 |    27 |    49 ||   102
Dodge: Dodged            |    81 |    84 |    92 ||   257

Table legend: (Time is in decaauts)
 A = Elapsed time spent in this place.
 B = Non-inter-level travel time spent in this place.
 C = Inter-level travel time spent in this place.
 D = Time resting spent in this place.
 E = Time spent auto-exploring this place.
 F = Levels seen in this place.
 G = Mean time per level.
                   A        B        C        D        E       F      G
               +--------+--------+--------+--------+--------+-----+--------+
         Total |   6825 |   6550 |    275 |   1428 |   4177 |   6 | 1137.5 |
       Dungeon |   6825 |   6550 |    275 |   1428 |   4177 |   6 | 1137.5 |
               +--------+--------+--------+--------+--------+-----+--------+

Top non-repeatable levels by time:
     D:2: 1753 daAuts
     D:3: 1736 daAuts
     D:4: 1263 daAuts
     D:1: 1040 daAuts
     D:5: 1016 daAuts
     D:6: 15 daAuts
